 Dungeon Crawl Stone Soup version 0.20.1-4-g4af34eaf8e (webtiles) character file.

54 Alfie the Shooter (level 3, -2/31 HPs)
             Began as a Minotaur Hunter on Mar 10, 2020.
             Slain by a goblin
             ... wielding a +0 club
             ... led by Robin
              (8 damage)
             ... on level 2 of the Dungeon.
             The game lasted 00:03:46 (1185 turns).

Alfie the Shooter (Minotaur Hunter)                 Turns: 1185, Time: 00:03:46

Health: -2/31      AC:  3    Str: 17    XL:     3   Next: 66%
Magic:  2/2        EV: 12    Int:  8    God:
Gold:   39         SH:  0    Dex: 10    Spells: 2/2 levels left

rFire    . . .     SeeInvis +   b - +0 short sword
rCold    . . .     Gourm    .   (no shield)
rNeg     . . .     Faith    .   c - +0 leather armour
rPois    .         Spirit   .   (helmet restricted)
rElec    .         Reflect  .   (no cloak)
rCorr    .         Harm     .   (no gloves)
MR       .....                  (no boots)
Stlth    +.........             (no amulet)
Regen    0.1/turn               m - ring of see invisible
MPRegen  0.1/turn               (no ring)

@: no status effects
A: retaliatory headbutt, horns 2
a: no special abilities


You were on level 2 of the Dungeon.
You were not hungry.

You visited 1 branch of the dungeon, and saw 2 of its levels.

You collected 39 gold pieces.

Inventory:

Hand Weapons
 a - a +1 shortbow
 b - a +0 short sword (weapon)
 o - a +1 dagger of venom
Armour
 c - a +0 leather armour (worn)
Jewellery
 l - an uncursed ring of wizardry {unknown}
 m - a ring of see invisible (left hand)
Potions
 e - a potion of lignification {unknown}
 g - a potion of heal wounds {unknown}
 h - a potion of invisibility {unknown}
 j - 2 potions of ambrosia {unknown}
 k - a potion of brilliance {unknown}
Comestibles
 f - 2 bread rations
 n - a meat ration


   Skills:
 + Level 3.2 Fighting
 + Level 5.4 Bows
 + Level 0.2 Armour
 + Level 2.4 Dodging
 + Level 0.7 Stealth


You had 2 spell levels left.
You didn't know any spells.

Dungeon Overview and Level Annotations

Branches:
Dungeon (2/15)

Altars:
Trog

Annotations:
D:2 Robin


Innate Abilities, Weirdness & Mutations

You reflexively headbutt those who attack you in melee.
You have a pair of horns on your head.


Message History

Robin is heavily wounded.
The hobgoblin barely misses you. The goblin hits you with a club.
* * * LOW HITPOINT WARNING * * *
Firing (i - inventory): No suitable missiles.
Press: ? - help, Shift-Dir - straight line, f/p - hobgoblin
Aim: a hobgoblin, wielding a club (unusually strong)
Okay, then.
Firing (i - inventory): No suitable missiles.
Press: ? - help, Shift-Dir - straight line, f/p - hobgoblin
Aim: a hobgoblin, wielding a club (unusually strong)
Okay, then.
Firing (i - inventory): No suitable missiles.
Press: ? - help, Shift-Dir - straight line, p - hobgoblin
Okay, then.
Wield which item (- for none, * to show all)? (? for menu, Esc to quit)
b - a +0 short sword (weapon)
You closely miss the hobgoblin. The hobgoblin hits you with a club.
* * * LOW HITPOINT WARNING * * *
Robin hits you but does no damage. The goblin hits you with a club!
You die...

###......#.##..#####.
.....................
###......#....######. .#
#......#.#### #) (..
#........# #.
.(†.##........# ##
#...........## #
##...g(g......##
#(..(g@).......#######
...##.####)...........##
..##. ##.............#
.... #............... .
###.. #...............
.......###...............
##.##...##)..............
.........#...............
#........................


You could see Robin, a hobgoblin and a goblin.

Vanquished Creatures
  An adder (D:1)
  A worm (D:2)
  2 leopard geckos (D:1)
  14 goblins
  5 hobgoblins
  4 ball pythons (D:1)
  2 bats
  A frilled lizard (D:2)
  3 kobolds
  6 rats
39 creatures vanquished.

Notes
Turn   | Place    | Note
-------+----------+-------------------------------------------
     0 | D:1      | Alfie the Minotaur Hunter began the quest for the Orb.
     0 | D:1      | Reached XP level 1. HP: 18/18 MP: 0/0
   207 | D:1      | Reached XP level 2. HP: 25/25 MP: 1/1
   312 | D:1      | Reached skill level 5 in Bows
   454 | D:1      | Reached XP level 3. HP: 31/31 MP: 2/2
  1101 | D:2      | Found a bloodstained altar of Trog.
  1171 | D:2      | Noticed Robin
  1185 | D:2      | Slain by a goblin

Skill      XL: |  1  2 |
---------------+-------+-----
Bows           | 5 |  5.4
Fighting       | 3 |  3.2
Armour         | |  0.2
Dodging        | |  2.4
Stealth        | |  0.7

Action                   || total
-------------------------++-------
Melee: Short sword       ||    14
       Headbutt          ||     1
 Fire: Shortbow          ||    85
  Use: Scroll            ||     3
  Eat: Royal jelly       ||     1
Armor: Leather armour    ||     8
Dodge: Dodged            ||    28
